 Dungeon Crawl Stone Soup version 0.20.0-8-g6b59dc7 (webtiles) character file.

56 grindst0ne the Sneak (level 3, -1/24 HPs)
             Began as an Octopode Assassin on June 2, 2017.
             Slain by a goblin
             ... wielding a +0 dagger
             ... led by Robin
              (2 damage)
             ... on level 1 of the Dungeon.
             The game lasted 00:03:25 (1534 turns).

grindst0ne the Sneak (Octopode Assassin)            Turns: 1534, Time: 00:03:26

Health: -1/24      AC:  1    Str:  7    XL:     3   Next: 95%
Magic:  3/3        EV: 13    Int: 13    God:
Gold:   107        SH:  0    Dex: 14    Spells: 2/2 levels left

rFire    . . .     SeeInvis .   a - +2 dagger
rCold    . . .     Gourm    .   (no shield)
rNeg     . . .     Faith    .   (helmet restricted)
rPois    .         Spirit   .   (no amulet)
rElec    .         Reflect  .   m - -3 ring of strength (curse)
rCorr    .         Harm     .   (no ring)
MR       .....                  (no ring)
Stlth    +++++.....             (no ring)
Regen    0.1/turn               (no ring)
MPRegen  0.1/turn               (no ring)
                                (no ring)
                                (no ring)

@: no status effects
A: almost no armour, stealthy swim, amphibious, 8 rings, constrict 8, camouflage
1, gelatinous body 1
a: no special abilities


You were on level 1 of the Dungeon.
You were not hungry.

You visited 1 branch of the dungeon, and saw 2 of its levels.

You collected 107 gold pieces.

Inventory:

Hand Weapons
 a - a +2 dagger (weapon)
 b - a +0 blowgun
Missiles
 c - 8 poisoned needles
 d - 2 curare-tipped needles
Jewellery
 m - a cursed -3 ring of strength (left tentacle)
Potions
 e - a potion of lignification
 g - 2 potions of flight
 i - 2 potions of degeneration {unknown}
 l - a potion of resistance {unknown}
Comestibles
 f - 2 bread rations
 h - a chunk of flesh
 k - a meat ration


   Skills:
 - Level 2.0 Fighting
 - Level 2.0 Short Blades
 - Level 2.0 Throwing
 - Level 1.0 Dodging
 + Level 7.5 Stealth


You had 2 spell levels left.
You didn't know any spells.

Dungeon Overview and Level Annotations

Branches:
Dungeon (2/15)

Altars:

Annotations:
D:2 Robin


Innate Abilities, Weirdness & Mutations

You cannot wear most types of armour.
You are very stealthy in the water. (Stealth+)
You are amphibious.
You can wear up to eight rings at the same time.
You can use your tentacles to constrict eight enemies at once.
Your skin changes colour to match your surroundings (Stealth+).
Your rubbery body absorbs attacks. (AC +1, EV +1)


Message History

The goblin hits you with a dagger.
Robin roars a battlecry!
The goblins go into a battle-frenzy!
The goblin shoots a stone.
The stone hits you.
* * * LOW HITPOINT WARNING * * *
x2
There is a stone staircase leading up here.
You see here 2 stones.
You can't go down here!
(D) Dungeon
Where to? (Enter - D:2, ? - help)
There are monsters nearby!
The goblin hits you with a dagger.
* * * LOW HITPOINT WARNING * * *
You climb upwards.
There is a stone staircase leading down here.
You hit the goblin. You grab the goblin.
You squeeze the goblin, but do no damage.
The goblin is moderately wounded.
You constrict the goblin. The goblin hits you with a dagger.
You die...

............###........#.........
##.#####...........####..##......
#.............###.####.###......
#.#####.................##......
#......)...####....#)...###.....
####....#..####..........###....#
.##....#........#.(###.......####
.#.......#.######(.#####.#####
.....#.##..# #.@....# #.#
..........## #..g...# #.#
..........# #......###.########
#.........########.#.............
#...............##.##.########...
#.........#####....#..<.# #...
#.........# ####.#....# #...
#....###### #####.####'## ####
......# #........#..#######


You could see a goblin.

Vanquished Creatures
  2 oozes (D:1)
  A dart slug (D:1)
  A leopard gecko (D:2)
  5 bats
  A giant cockroach (D:2)
  12 goblins
  3 hobgoblins
  6 kobolds
  A quokka (D:2)
  7 rats
39 creatures vanquished.

Notes
Turn   | Place    | Note
-------+----------+-------------------------------------------
     0 | D:1      | grindst0ne the Octopode Assassin began the quest for the Orb.
     0 | D:1      | Reached XP level 1. HP: 14/14 MP: 1/1
   388 | D:1      | Reached skill level 6 in Stealth
   388 | D:1      | Reached XP level 2. HP: 11/19 MP: 2/2
   727 | D:1      | Reached XP level 3. HP: 24/24 MP: 3/3
   928 | D:1      | Reached skill level 7 in Stealth
  1351 | D:2      | Noticed Robin
  1532 | D:2      | HP: 1/24 [goblin/dagger[Robin] (5)]
  1534 | D:1      | Slain by a goblin

Skill      XL: |  1  2  3 |
---------------+----------+-----
Stealth        | 6 7 |  7.5
Fighting       | |  2.0
Short Blades   | |  2.0
Throwing       | |  2.0
Dodging        | |  1.0

Action                   || total
-------------------------++-------
Melee: Dagger            ||    71
       Constrict         ||    18
       Tentacles         ||    10
  Use: Scroll            ||     4
 Stab: Sleeping          ||     8
  Eat: Chunk             ||     2
Armor: Skin              ||    11
Dodge: Dodged            ||    55
